 Dungeon Crawl Stone Soup version 0.19-a0-1008-g4c63d25 (webtiles) character file.

325 poirepourri the Skirmisher (level 6, -1/52 HPs)
             Began as a Formicid Fighter on July 23, 2016.
             Was an Initiate of Makhleb.
             Slain by an ogre
             ... wielding a +0 giant club
              (15 damage)
             ... on level 4 of the Dungeon.
             The game lasted 00:05:42 (3593 turns).

poirepourri the Skirmisher (Formicid Fighter)       Turns: 3593, Time: 00:05:43

Health: -1/52      AC:  8    Str: 22    XL:     6   Next: 78%
Magic:  6/6        EV:  8    Int:  8    God:    Makhleb [......]
Gold:   288        SH:  9    Dex: 10    Spells: 0 memorised, 5 levels left

rFire  . . .     SeeInvis +     a - +0 war axe
rCold  . . .     Gourm    .     b - +0 scale mail
rNeg   . . .     Faith    .     c - +0 shield
rPois  .         Spirit   .     (helmet unavailable)
rElec  .         Dismiss  .     (no cloak)
rCorr  .         Reflect  .     m - +0 pair of gloves
SustAt .         Harm     .     (no boots)
MR     .....                    (no amulet)
Stlth  ..........               (no ring)
                                (no ring)

@: not resistant to hostile enchantments, extremely unstealthy
A: permanent stasis, dig shafts and tunnels, four strong arms, antennae 3
a: Dig, Shaft Self, Renounce Religion


You were on level 4 of the Dungeon.
You worshipped Makhleb.
Makhleb was noncommittal.
You were not hungry.

You visited 1 branch of the dungeon, and saw 4 of its levels.

You collected 288 gold pieces.

Inventory:

Hand Weapons
 a - a +0 war axe (weapon)
Missiles
 j - 69 bolts
Armour
 b - a +0 scale mail (worn)
 c - a +0 shield (worn)
 m - a +0 pair of gloves (worn)
Wands
 s - a wand of flame (16/48)
Scrolls
 d - 2 scrolls of remove curse
 f - a scroll of immolation {unknown}
 k - a scroll of enchant armour {unknown}
 n - 2 scrolls of identify
 o - a scroll of amnesia {unknown}
Potions
 e - a potion of lignification {unknown}
 i - a potion of berserk rage
 p - a potion of ambrosia {unknown}
 q - a potion of curing
Comestibles
 g - a beef jerky
 h - 2 meat rations
 r - a slice of pizza


   Skills:
 + Level 6.1 Fighting
 + Level 4.6 Axes
 - Level 3.2 Armour
 - Level 3.6 Shields


You had 5 spell levels left.
You didn't know any spells.

Dungeon Overview and Level Annotations

Branches:
Dungeon (4/15)
 Temple: D:4-7

Altars:
Makhleb


Innate Abilities, Weirdness & Mutations

You are under a permanent stasis effect.
You can dig through walls and to a lower floor.
Your four strong arms can wield two-handed weapons with a shield.
You have a pair of large antennae on your head. (SInv)


Message History

Your wand of flame {empty} glows for a moment.
You hit the ogre but do no damage. You hit the hound.
The hound bites you but does no damage. The ogre hits you with a giant club!
You block the hound's attack.
You slash the ogre!
The ogre is moderately wounded.
You closely miss the hound. The hound bites you. You block the ogre's attack.
The hound bites you but does no damage.
You hit the ogre.
The ogre is heavily wounded.
You slash the hound! You block the hound's attack.
The ogre hits you with a giant club!!
* * * LOW HITPOINT WARNING * * *
The hound bites you but does no damage.
You barely miss the ogre.
The ogre is heavily wounded.
You hit the hound but do no damage.
The hound stops to sniff the ground.
You block the hound's attack. The ogre hits you with a giant club!
You die...

#....(... #.......#
. #.......####.
###...........#
#.............#
#....###.)....#
#....# #......#
#.hO.###......###
##.@............#
#..............#
#.........##...####
#.........##.......
#...........###....
#...........# #....
#...........# #....
#...........#######
####...........# #


You could see an ogre and a hound.

Vanquished Creatures
  A phantom (D:4)
  A hound (D:3)
  2 worker ants (D:4)
  A hound skeleton (D:4)
  8 adders
  2 worms (D:4)
  6 orcs
  A ball python (D:2)
  3 giant cockroaches
  4 goblins
  10 hobgoblins
  8 jackals
  8 kobolds
  3 bats
  6 giant newts
  6 rats
70 creatures vanquished.

Notes
Turn   | Place    | Note
-------+----------+-------------------------------------------
     0 | D:1      | poirepourri the Formicid Fighter began the quest for the Orb.
     0 | D:1      | Reached XP level 1. HP: 18/18 MP: 1/1
   111 | D:1      | Reached XP level 2. HP: 22/25 MP: 2/2
   763 | D:1      | Reached skill level 4 in Fighting
   778 | D:1      | Reached XP level 3. HP: 30/30 MP: 3/3
  1280 | D:2      | Reached XP level 4. HP: 16/38 MP: 4/4
  2088 | D:3      | Reached XP level 5. HP: 41/43 MP: 5/5
  2249 | D:3      | Reached skill level 5 in Fighting
  2454 | D:3      | Found a faded altar of an unknown god.
  3188 | D:4      | Reached XP level 6. HP: 45/51 MP: 6/6
  3290 | D:4      | Found a burning altar of Makhleb.
  3446 | D:4      | Became a worshipper of Makhleb the Destroyer
  3451 | D:4      | Noticed a phantom
  3541 | D:4      | Killed a phantom
  3541 | D:4      | Reached skill level 6 in Fighting
  3582 | D:4      | Noticed an ogre
  3593 | D:4      | Slain by an ogre

Vault maps used:
D:1:      minmay_arrival_plants_in_alcoves, minmay_tetromino_o4
D:3:      ecumenical_altar_1, minivault_23
D:4:      lemuel_round_altar

Skill      XL: |  1  2  3  4  5  6 |
---------------+-------------------+-----
Fighting       | 4 5 6 |  6.1
Axes           | 3 4 |  4.6
Armour         | |  3.2
Shields        | |  3.6

Action                   |  1- 3 |  4- 6 || total
-------------------------+-------+-------++-------
Melee: War axe           |   107 |   194 ||   301
Evoke: Wand              |       |     7 ||     7
  Use: Scroll            |     5 |     1 ||     6
       Potion            |     1 |     1 ||     2
  Eat: Bread ration      |     1 |     1 ||     2
Armor: Scale mail        |    59 |    95 ||   154
Dodge: Dodged            |    35 |    64 ||    99
Block: Shield            |    75 |   115 ||   190
